 Dungeon Crawl Stone Soup version 0.20-a0-1078-g4874019 (webtiles) character file.

11751 FastMan the Cleaver (level 11, -1/99 HPs)
             Began as a Gargoyle Berserker on May 1, 2017.
             Was a High Priest of Trog.
             Slain by a 14-headed hydra (8 damage)
             ... on level 2 of the Lair of Beasts.
             The game lasted 00:10:02 (9563 turns).

FastMan the Cleaver (Gargoyle Berserker)            Turns: 9563, Time: 00:10:02

Health: -1/99      AC: 27    Str: 27    XL:     11   Next: 82%
Magic:  11/11      EV:  8    Int:  7    God:    Trog [*****.]
Gold:   596        SH:  0    Dex: 12    Spells: 10/10 levels left

rFire    + . .     SeeInvis +   a - +3 war axe
rCold    . . .     Gourm    .   (no shield)
rNeg     + . .     Faith    .   G - +0 plate armour
rPois    ∞         Spirit   .   s - +0 helmet
rElec    +         Reflect  .   q - +0 cloak
rCorr    .         Harm     .   (no gloves)
MR       .....                  p - +1 pair of boots
Stlth    ..........             r - amulet of regeneration
Regen    0.7/turn               y - ring of protection from fire
MPRegen  0.2/turn               i - ring of see invisible

@: berserking, very quick
A: negative energy resistance 1, electricity resistance, unbreathing,
petrification resistance, rot immunity, AC +7
a: Berserk, Trog's Hand, Brothers in Arms, Burn Spellbooks, Renounce Religion


You were on level 2 of the Lair of Beasts.
You worshipped Trog.
Trog was extremely pleased with you.
You were very hungry.

You visited 2 branches of the dungeon, and saw 11 of its levels.

You collected 596 gold pieces.

Inventory:

Hand Weapons
 a - a +3 war axe (weapon)
 b - a +0 trident of pain
Armour
 p - a +1 pair of boots (worn)
 q - a +0 cloak (worn)
 s - a +0 helmet (worn)
 G - a +0 plate armour (worn)
Jewellery
 i - a ring of see invisible (right hand)
 r - an amulet of regeneration (around neck)
 v - an uncursed ring of fire {unknown}
 y - a ring of protection from fire (left hand)
Scrolls
 g - 4 scrolls of teleportation {@r3}
 m - 2 scrolls of magic mapping
 o - 2 scrolls of enchant armour
 u - a scroll of enchant weapon
 w - a scroll of fog {unknown}
 z - a scroll of blinking {unknown}
 A - 5 scrolls of remove curse {@r2}
Potions
 e - a potion of agility {@q5}
 j - 2 potions of mutation
 k - 2 potions of might {@q4}
 l - 5 potions of curing {@q1}
 t - 2 potions of lignification
 C - 2 potions of invisibility
 D - a potion of heal wounds {@q2}
 E - a potion of ambrosia
Comestibles
 c - 4 bread rations {@e1}
 f - 3 meat rations {@e2}
 h - 2 royal jellies {@e3}
 n - 3 fruits {@e4}


   Skills:
 - Level 6.4 Fighting
 * Level 13.7 Axes
 + Level 10.4 Armour
 - Level 1.5 Dodging


You had 10 spell levels left.
You didn't know any spells.

Dungeon Overview and Level Annotations

Branches:
Dungeon (9/15)             Temple (0/1) D:6            Lair (2/6) D:9
  Swamp (0/4) Lair:2          Orc (0/2) D:9
  Snake: Lair:2-4    Spider: Lair:2-4

Altars:
Fedhas
Makhleb
Qazlal
Ru
Wu Jian


Innate Abilities, Weirdness & Mutations

You are resistant to torment.
Your stone body is resilient. (AC +7)
You are immune to poison.
You resist negative energy. (rN+)
You are resistant to electric shocks. (rElec)
You can survive without breathing.
You are immune to petrification.
You are immune to rotting.


Message History

You chop one of the 12-headed hydra's heads off!
The 11-headed hydra grows two more!
You slash the 13-headed hydra!
The 13-headed hydra is heavily wounded.
You hack one of the 13-headed hydra's heads off!
The 12-headed hydra grows two more!
You slash the 14-headed hydra!
The 14-headed hydra is heavily wounded.
The 14-headed hydra bites you but does no damage. x3
The 14-headed hydra barely misses you.
The 14-headed hydra bites you but does no damage.
The 14-headed hydra bites you.
* * * LOW HITPOINT WARNING * * *
The 14-headed hydra bites you.
* * * LOW HITPOINT WARNING * * *
The 14-headed hydra bites you but does no damage. x2
The 14-headed hydra bites you.
* * * LOW HITPOINT WARNING * * *
The 14-headed hydra barely misses you.
The 14-headed hydra bites you but does no damage.
The 14-headed hydra bites you!
You die...

*,*,,,,*,,* ##...##
**..,****** #.#...## *#.P,*
#####...## # #..,**
#........# ### #...,*
##.......###.. *#..##*
##........... #....##
#........... *#..D.##
##..<......## **#.@.#
#.......+.### ##.##
##......### # ##.## ###'#.##
#...# #..## ***#####.##
###.### ****.##..P..###
#.....# *,,,..........#
#.....##
**,,.........P####......# #
*,,,...................##**#


You could see a 14-headed hydra.

Vanquished Creatures
  A hydra (Lair:1)
  A two-headed ogre (D:9)
  Nergalle (Lair:2)
  3 spiny frogs
  4 komodo dragons (Lair:2)
  A troll (D:9)
  A hippogriff (D:9)
  The ghost of FastMan the Chopper, an amateur GrBe of Trog (D:5)
  3 blink frogs (Lair:1)
  12 yaks
  A basilisk (Lair:1)
  2 steam dragons (D:8)
  A water moccasin (Lair:2)
  4 porcupines
  Duvessa (D:4)
  4 orc warriors (D:9)
  2 ice beasts
  A sky beast (D:8)
  A black bear (D:9)
  5 ogres
  2 phantoms
  A centaur (D:4)
  3 crocodiles (Lair:1)
  A big kobold (D:9)
  3 bullfrogs
  A wyvern zombie (D:8)
  A water moccasin zombie (D:8)
  4 scorpions
  Dowan (D:4)
  A water moccasin skeleton (D:4)
  3 killer bees (D:9)
  3 wights (D:9)
  A crimson imp (D:8)
  6 orc priests
  A centaur zombie (D:5)
  A hound (D:7)
  A jelly (D:8)
  A centaur skeleton (D:6)
  11 orc wizards
  Jessica (D:3)
  An iguana (D:7)
  5 worker ants
  A hound skeleton (D:5)
  8 gnolls
  13 adders
  4 shadow imps
  An ooze (D:1)
  An adder skeleton (D:9)
  2 adder zombies
  2 worms (D:3)
  A dart slug (D:5)
  3 leopard geckos
  31 orcs
  2 giant cockroaches
  10 goblins
  11 hobgoblins
  6 jackals
  6 quokkas
  5 bats
  5 frilled lizards
  9 kobolds
  A leopard gecko skeleton (D:5)
  A leopard gecko zombie (D:5)
  A quokka zombie (D:5)
  4 rats
  3 fungi (D:9)
234 creatures vanquished.

Vanquished Creatures (collateral kills)
  2 komodo dragons
  A water moccasin (Lair:1)
  A bullfrog (Lair:1)
4 creatures vanquished.

Vanquished Creatures (others)
  A worker ant (D:8)
  An adder (D:8)
  A fungus (D:9)
  2 plants
5 creatures vanquished.

Grand Total: 243 creatures vanquished

Notes
Turn   | Place    | Note
-------+----------+-------------------------------------------
     0 | D:1      | FastMan the Gargoyle Berserker began the quest for the Orb.
     0 | D:1      | Reached XP level 1. HP: 14/14 MP: 1/1
    70 | D:1      | Reached skill level 3 in Axes
   462 | D:1      | Reached XP level 2. HP: 19/19 MP: 2/2
   675 | D:2      | Found a burning altar of Makhleb.
   750 | D:2      | Reached XP level 3. HP: 20/23 MP: 3/3
  1213 | D:3      | Reached skill level 4 in Axes
  1213 | D:3      | Reached XP level 4. HP: 29/29 MP: 4/4
  1274 | D:3      | Reached ** piety under Trog
  1309 | D:3      | Found a burning altar of Makhleb.
  1310 | D:3      | Found a blossoming altar of Fedhas.
  1540 | D:3      | Noticed Jessica
  1549 | D:3      | Killed Jessica
  1549 | D:3      | Reached XP level 5. HP: 30/33 MP: 5/5
  1619 | D:3      | Found a faded altar of an unknown god.
  1678 | D:4      | Noticed Duvessa
  1678 | D:4      | Noticed Dowan
  1829 | D:4      | Reached skill level 5 in Axes
  2005 | D:4      | Killed Dowan
  2005 | D:4      | Reached XP level 6. HP: 40/40 MP: 6/6
  2015 | D:4      | Killed Duvessa
  2015 | D:4      | Reached skill level 5 in Fighting
  2194 | D:4      | Found an ornate altar of the Wu Jian Council.
  2206 | D:4      | Reached skill level 6 in Axes
  2253 | D:4      | Reached XP level 7. HP: 33/44 MP: 7/7
  3127 | D:4      | Reached skill level 7 in Axes
  3504 | D:4      | Reached XP level 8. HP: 40/51 MP: 8/8
  3776 | D:5      | Entered Level 5 of the Dungeon
  3925 | D:5      | Reached *** piety under Trog
  4086 | D:5      | Noticed FastMan's ghost (amateur GrBe)
  4116 | D:5      | Killed FastMan's ghost
  4291 | D:6      | Reached skill level 8 in Axes
  4363 | D:6      | Found a staircase to the Ecumenical Temple.
  4668 | D:7      | Found a stormy altar of Qazlal.
  4797 | D:7      | Found a flagged portal.
  4922 | D:7      | Reached XP level 9. HP: 51/56 MP: 9/9
  5122 | D:7      | Reached skill level 9 in Axes
  5379 | D:8      | Reached skill level 5 in Armour
  5391 | D:8      | Reached **** piety under Trog
  5648 | D:8      | Found a sacrificial altar of Ru.
  6458 | D:8      | Reached skill level 10 in Axes
  6578 | D:9      | Noticed a troll
  6592 | D:9      | Killed a troll
  6930 | D:9      | Reached XP level 10. HP: 51/61 MP: 10/10
  6933 | D:9      | Found a staircase to the Orcish Mines.
  7238 | D:9      | Reached skill level 11 in Axes
  7452 | D:9      | Noticed a two-headed ogre
  7461 | D:9      | Killed a two-headed ogre
  7552 | D:9      | Reached ***** piety under Trog
  7726 | D:9      | Reached skill level 12 in Axes
  7797 | D:9      | Found a staircase to the Lair.
  8003 | Lair:1   | Entered Level 1 of the Lair of Beasts
  8026 | Lair:1   | Reached XP level 11. HP: 66/66 MP: 11/11
  8195 | Lair:1   | Noticed a six-headed hydra
  8211 | Lair:1   | HP: 2/66 [12-headed hydra (2)]
  8403 | Lair:1   | Killed a 15-headed hydra
  8423 | Lair:1   | Reached skill level 13 in Axes
  9116 | Lair:2   | Got a wavering jade amulet
  9129 | Lair:2   | Identified the amulet of the Okapi {RegenMP rElec} (You found it on level 2 of the Lair of Beasts)
  9252 | Lair:2   | Noticed Nergalle
  9262 | Lair:2   | Reached skill level 10 in Armour
  9265 | Lair:2   | Killed Nergalle
  9279 | Lair:2   | HP: 2/66 [komodo dragon (11)]
  9548 | Lair:2   | Noticed a five-headed hydra
  9563 | Lair:2   | Slain by a 14-headed hydra

Vault maps used:
D:1:      matt_arrival_spirals
D:2:      bloody_makhleb
D:3:      gammafunk_temple_overflow_statue, first_bread,
          chequers_ecumenical_altar_lobes, nicolae_tso_swordbearing_angel,
          uniq_jessica
D:4:      minmay_door_path, kennysheep_little_box, uniq_duvessa
D:5:      nemelex_diamond_rough_becter
D:6:      minmay_temple_entry_statues_pillars
D:7:      grunt_qazlal_clouds, enter_bailey_3
D:8:      basic_altar
D:9:      grunt_lair_entry_orc_guard_hut, erik_orc_3
Lair:1:   infiniplex_staircase_pool_2
Lair:2:   minmay_swamp_entry_worms, minmay_lair_oklob_items,
          beast_lair_carwin_5, serial_bayou_shore_b, uniq_nergalle

Skill      XL: |  1  2  3  4  5  6  7  8  9 10 11 |
---------------+----------------------------------+-----
Axes           | 3 4 5 6 7 8 10 12 13 | 13.7
Fighting       | 4 5 6 |  6.4
Armour         | 4 6 9 10 | 10.4
Dodging        | |  1.5

Action                   |  1- 3 |  4- 6 |  7- 9 | 10-12 || total
-------------------------+-------+-------+-------+-------++-------
Melee: Hand axe          |    82 |   113 |   610 |    23 ||   828
       War axe           |       |       |       |   243 ||   243
       Trident           |       |       |       |    17 ||    17
Invok: Berserk           |     2 |     4 |    13 |    11 ||    30
       Trog's Hand       |       |     1 |       |     3 ||     4
       Burn Spellbooks   |       |       |     1 |     1 ||     2
       Brothers in Arms  |       |       |       |     2 ||     2
  Use: Scroll            |       |     8 |     1 |    11 ||    20
       Potion            |       |       |     1 |       ||     1
 Stab: Sleeping          |       |     2 |       |       ||     2
  Eat: Chunk             |     3 |     6 |    23 |    18 ||    50
       Bread ration      |       |       |     1 |       ||     1
       Royal jelly       |       |       |       |     1 ||     1
Armor: Animal skin       |    30 |    45 |       |       ||    75
       Chain mail        |       |    27 |   356 |    13 ||   396
       Plate armour      |       |       |       |   304 ||   304
Dodge: Dodged            |    85 |    91 |   198 |   151 ||   525
